cohdb
Replays
Latest Replays
All Replays
Popular Replays
Top Player Replays
Match Explorer
How It Works
Community
CoH3 Stats
Reddit
Sign in to upload your games and track your stats! →
Sign in with Steam
Match 43563586
Unlisted
Match 43563586
Overview
Messages
Build Orders
End
Royal Engineer Section
Selects Indian Artillery Battlegroup
Construct Section Command Post
Infantry Section
Infantry Section
Infantry Section
Construct Platoon Command Post
Unlock M3 Stuart Light Tanks
M3 Stuart Light Tank
Selects Valour
Construct Field Infirmary
Royal Engineer Section
Selects Gurkha Rifles Section
Gurkha Rifles Section
adnapek
nerf R.N.G
Dominik
beniu
0
0
Comments
sign in to comment!
No comments posted yet!